 Dungeon Crawl Stone Soup version 0.28-a0-726-g4a9143789a (webtiles) character file.

Game seed: 491663743105716766

476 ytrimaz the Grave Robber (level 6, -1/41 HPs)
             Began as a Demonspawn Necromancer on Oct 27, 2021.
             Killed from afar by a white imp (8 damage)
             ... with a puff of frost
             ... on level 5 of the Dungeon.
             The game lasted 00:06:13 (5010 turns).

ytrimaz the Grave Robber (Demonspawn Necromancer)   Turns: 5010, Time: 00:06:13

Health: -1/41      AC:  4    Str:  6 (9)  XL:     6   Next: 85%
Magic:  13/13      EV: 12    Int: 16 (18) God:
Gold:   84         SH:  0    Dex: 19      Spells: 10/14 levels left

rFire   . . .      SeeInvis .   b - +0 dagger
rCold   . . .      Faith    .   (no shield)
rNeg    . . .      Spirit   .   a - +0 robe
rPois   .          Reflect  .   e - +0 helmet
rElec   .          Harm     .   g - +0 cloak
rCorr   .          Rampage  .   (no gloves)
Will    .....                   (no boots)
Stlth   +++.......              d - amulet of the acrobat
HPRegen 0.13/turn               c - +6 ring of dexterity
MPRegen 0.13/turn               (no ring)

@: hasted, very quick
A: powered by death 1, demonic magic 2, evolution 1, subdued magic 1
a: no special abilities


You were on level 5 of the Dungeon.
You visited 1 branch of the dungeon, and saw 5 of its levels.

You collected 84 gold pieces.

Inventory:

Hand Weapons
 b - a +0 dagger (weapon)
Armour
 a - a +0 robe (worn)
 e - a +0 helmet (worn)
 g - a +0 cloak (worn)
Jewellery
 c - a +6 ring of dexterity (left hand)
 d - an amulet of the acrobat (around neck)
Scrolls
 h - a scroll of teleportation
Potions
 i - a potion of curing


   Skills:
 - Level 1.7 Dodging
 * Level 3.4 Stealth
 + Level 4.6 Spellcasting
 + Level 6.6 Necromancy


You had 10 spell levels left.
You knew the following spells:

 Your Spells              Type           Power      Damage    Failure   Level
a - Pain                  Necr           76%        1d7       1%          1
b - Vampiric Draining     Necr           9%         2d7       2%          3

Your spell library contained the following spells:

 Spells                   Type           Power      Damage    Failure   Level
 Animate Skeleton         Necr           38%        N/A       1%          1
 Animate Dead             Necr           9%         N/A       8%          4
 Apportation              Tloc           4%         N/A       13%         1
 Summon Small Mammal      Summ           8%         N/A       13%         1
 Ensorcelled Hibernation  Hex/Ice        4%         N/A       21%         2
 Agony                    Necr           19%        N/A       24%         5
 Tukima's Dance           Hex            2%         N/A       38%         3


Dungeon Overview and Level Annotations

Branches:
Dungeon (5/15)
 Temple: D:4-7

Altars:
Beogh

Annotations:
D:4 3 runed translucent doors, lawman0's ghost, novice BaWr


Innate Abilities, Weirdness & Mutations

You regenerate a little health from kills.
Spells you cast may paralyse nearby enemies.
You have hidden genetic potential.
Your spells are a little easier to cast, but a little less powerful.


Message History

You are too injured to fight recklessly!
You are too injured to fight recklessly!
You closely miss the white imp.
The white imp is moderately wounded.
The white imp hits you but does no damage.
You hit the white imp.
The white imp is heavily wounded.
The white imp grins evilly.
The white imp closely misses you.
You hit the white imp but do no damage.
The white imp is heavily wounded.
The white imp closely misses you.
You hit the white imp but do no damage.
The white imp is heavily wounded.
The white imp gestures at you. The puff of frost misses you.
You hit the white imp but do no damage.
The white imp is heavily wounded.
The white imp hits you. The white imp freezes you.
* * * LOW HITPOINT WARNING * * *
You closely miss the white imp.
The white imp is heavily wounded.
The white imp barely misses you.
You barely miss the white imp.
The white imp is heavily wounded.
The white imp gestures at you. The puff of frost hits you!
* * * LOW HITPOINT WARNING * * *
You hit the white imp but do no damage.
The white imp is heavily wounded.
The white imp hits you but does no damage.
Unknown command.
You feel better. The white imp gestures at you. The puff of frost hits you.
* * * LOW HITPOINT WARNING * * *
You feel yourself speed up. The white imp gestures at you.
The puff of frost hits you!
You die...

.. # .# .# ###.###.#
......... ...
........ #.# #.#...#
#.# #.#5..+
#.###.#@..#
###.....+...+ #
#.......#...#
#.##.#.###.#...##...
#..................#
####.#.###.##.###..S
#.#.# #.# .# ..
#.#.# #.# .# . #.#..
... ..


You could see a white imp.

Vanquished Creatures
  An ogre (D:4)
  2 scorpions (D:4)
  An orc priest (D:2)
  A hound (D:4)
  An iguana (D:4)
  3 adders
  An ufetubus (D:4)
  2 adder skeletons (D:4)
  3 dart slugs
  12 orcs
  4 bats
  6 endoplasms
  4 giant cockroaches
  3 goblins
  3 hobgoblins
  7 jackals
  2 quokkas
  5 ball pythons
  3 frilled lizards
  4 kobolds
  2 rats
70 creatures vanquished.

Vanquished Creatures (collateral kills)
  A water moccasin skeleton (D:4)
  A hound zombie (D:4)
  An adder skeleton (D:4)
3 creatures vanquished.

Grand Total: 73 creatures vanquished

Notes
Turn   | Place    | Note
-------+----------+-------------------------------------------
     0 | D:1      | ytrimaz the Demonspawn Necromancer began the quest for the
                  | Orb.
     0 | D:1      | Reached XP level 1. HP: 13/13 MP: 3/3
   298 | D:1      | Gained mutation: Spells you cast may paralyse adjacent
                  | enemies. [demonic ancestry]
   298 | D:1      | Reached XP level 2. HP: 14/19 MP: 0/5
   352 | D:1      | Reached skill level 5 in Necromancy
   888 | D:1      | Found a faded altar of an unknown god.
  1171 | D:2      | Gained mutation: You regenerate a little health from kills.
                  | [demonic ancestry]
  1171 | D:2      | Reached XP level 3. HP: 21/24 MP: 3/6
  1274 | D:2      | Learned a level 3 spell: Vampiric Draining
  2236 | D:2      | Reached XP level 4. HP: 26/30 MP: 4/8
  3400 | D:4      | Reached XP level 5. HP: 31/35 MP: 5/10
  3454 | D:4      | Reached skill level 6 in Necromancy
  3810 | D:4      | Noticed an ogre
  3818 | D:4      | Killed an ogre
  3819 | D:4      | Gained mutation: Spells you cast may paralyse nearby
                  | enemies. [demonic ancestry]
  3819 | D:4      | Reached XP level 6. HP: 23/41 MP: 2/12
  4278 | D:4      | Noticed lawman0's ghost (novice BaWr)
  4279 | D:4      | Found a runed translucent gate.
  4341 | D:4      | Found a runed translucent gate.
  4341 | D:4      | Found a runed translucent gate.
  4343 | D:4      | Noticed an orc warrior
  4344 | D:4      | Identified the +4 whip "Grim Tooth" {venom, rN+ SInv}
  4952 | D:5      | Entered Level 5 of the Dungeon
  4996 | D:5      | Gained mutation: You have hidden genetic potential. [potion
                  | of mutation]
  4996 | D:5      | Gained mutation: Your spells are a little easier to cast,
                  | but a little less powerful. [potion of mutation]
  5010 | D:5      | Killed from afar by a white imp

Illustrated notes

Levels and vault maps discovered:
D:1:      minmay_arrival_glassed_features, layout_rooms,
          hellmonk_ecumenical_altar_lost_god
D:2:      layout_rooms, eino_tiny_chamber
D:3:      layout_rooms, wad_orctagon
D:4:      minmay_opposing_rooms, layout_basic, biasface_ghost_orc_armoury
D:5:      minmay_chambers_of_fours, layout_basic, uniq_blork_the_orc, uniq_ijyb

Skill      XL: |  1  2  3  4  5  6 |
---------------+-------------------+-----
Necromancy     | 5 6 |  6.6
Spellcasting   | 3 4 |  4.6
Stealth        | 2 3 |  3.4
Dodging        | |  1.7

Action                   |  1- 3 |  4- 6 || total
-------------------------+-------+-------++-------
Melee: Unarmed           |    14 |       ||    14
       Dagger            |     9 |   117 ||   126
 Cast: Pain              |    67 |    71 ||   138
       Vampiric Draining |       |     1 ||     1
  Use: Scroll            |     5 |     4 ||     9
       Potion            |     1 |     7 ||     8
 Stab: Paralysed         |       |     5 ||     5
       Sleeping          |       |     1 ||     1
Armor: Skin              |     8 |       ||     8
       Robe              |     4 |    33 ||    37
Dodge: Dodged            |    55 |   101 ||   156

Table legend: (Time is in decaauts)
 A = Elapsed time spent in this place.
 B = Non-inter-level travel time spent in this place.
 C = Inter-level travel time spent in this place.
 D = Time resting spent in this place.
 E = Time spent auto-exploring this place.
 F = Levels seen in this place.
 G = Mean time per level.
                   A        B        C        D        E       F      G
               +--------+--------+--------+--------+--------+-----+--------+
         Total |   4995 |   4887 |    108 |    995 |   3199 |   5 |  999.0 |
       Dungeon |   4995 |   4887 |    108 |    995 |   3199 |   5 |  999.0 |
               +--------+--------+--------+--------+--------+-----+--------+

Top non-repeatable levels by time:
     D:4: 1696 daAuts
     D:1: 1155 daAuts
     D:2: 1155 daAuts
     D:3: 930 daAuts
     D:5: 57 daAuts
